AoeStats
← Mohammad Shah

Arabia

510448954Analyzed
2v2 RM · 11h ago on Oct 1, 2026· 66m 1s· 4 players
Game mode
Random Map
Map size
Medium (4 player)
Population
200
Speed
Normal
Resources
Standard
Victory
Conquest
Starting age
Dark Age
Ending age
Imperial Age
RankedLock teamsTeams togetherTeam positionsShared explorationLock speedFull tech treeHidden civsTurbo modeCheats
Victory
Defeat
🇨🇦 Malay · Canada
870
+18
🇨🇦 Spanish · Canada
870
+18
🇺🇸 Gurjaras · United States
906
-18
🇺🇸 Britons · United States
906
-18
GreatCyrus1404
9:14 Loom
11:10 Feudal Age
13:28 Double-Bit Axe
17:36 Stone Mining
23:06 Castle Age
22:34 Bloodlines
22:43 Padded Archer Armor
23:50 Scale Barding Armor
23:39 Horse Collar
23:38 Elite Skirmisher
25:17 Husbandry
25:34 Leather Archer Armor
26:55 Pikeman
32:58 Fletching
35:40 Bow Saw
36:45 Wheelbarrow
38:52 Chain Barding Armor
41:54 Stone Shaft Mining
47:06 Imperial Age
46:40 Forging
46:26 Bodkin Arrow
49:02 Ring Archer Armor
48:48 Cavalier
49:50 Light Cavalry
51:10 Hussar
59:18 Halberdier
61:14 Iron Casting
61:15 Plate Barding Armor
61:41 Scale Mail Armor
61:05 Cavalier
65:21 Blast Furnace
Mohammad Shah
0:31 Loom
11:08 Feudal Age
11:49 Double-Bit Axe
18:41 Scale Barding Armor
24:14 Castle Age
22:10 Horse Collar
23:12 Forging
22:53 Fletching
23:19 Gold Mining
24:18 Wheelbarrow
25:38 Pikeman
26:20 Squires
26:49 Husbandry
28:07 Elite Skirmisher
28:51 Padded Archer Armor
30:39 Thumb Ring
31:04 Bow Saw
30:59 Heavy Plow
31:40 Stone Mining
33:23 Man-at-Arms
35:25 Stone Shaft Mining
35:26 Gold Shaft Mining
37:53 Iron Casting
43:00 Imperial Age
43:48 Conscription
43:29 Forced Levy
47:09 Blast Furnace
46:25 Leather Archer Armor
46:05 Bodkin Arrow
46:49 Elite Karambit Warrior
54:07 Ballistics
54:49 Chemistry
54:24 Ring Archer Armor
53:55 Bracer
SwagAchu
1:39 Loom
9:08 Feudal Age
14:43 Fletching
19:06 Double-Bit Axe
19:02 Horse Collar
21:33 Wheelbarrow
21:24 Forging
24:04 Castle Age
22:18 Padded Archer Armor
22:57 Gold Mining
25:03 Bow Saw
24:55 Heavy Plow
24:34 Crossbowman
25:15 Bodkin Arrow
25:35 Leather Archer Armor
27:27 Forging
40:43 Imperial Age
38:06 Stone Mining
38:52 Gold Shaft Mining
39:18 Yeomen
41:41 Bracer
42:11 Ring Archer Armor
41:29 Arbalester
45:07 Two-Man Saw
46:15 Ballistics
46:56 Chemistry
58:28 Capped Ram
58:58 Treadmill Crane
X-Minor
5:53 Loom
8:56 Feudal Age
20:45 Castle Age
19:44 Double-Bit Axe
20:59 Crossbowman
21:58 Fletching
25:05 Forging
29:24 Elite Skirmisher
33:41 Iron Casting
33:13 Scale Barding Armor
33:05 Bodkin Arrow
45:10 Chain Barding Armor
51:14 Imperial Age
59:22 Heavy Camel Rider
59:27 Siege Elephant
Connection lost

Rejoining the realm…

Still unreachable

The connection could not be restored.

Session expired

The server has moved on; the page needs a fresh start.